[Event "XII Figueira da Foz Open 2018"]
[Site "Figueira da Foz"]
[Date "2018.10.29"]
[Round "1"]
[White "Garcia Dorado, Alberto"]
[Black "Marcal, Armando Paulo Gomes"]
[Result "1-0"]
[ECO "A49"]
[WhiteElo "2206"]
[BlackElo "1751"]
[Annotator "NA"]
[PlyCount "49"]
[EventDate "2018.10.30"]
[EventType "swiss"]
[EventCountry "POR"]
[SourceTitle "playchess.com"]
[Source "ChessBase"]
[SourceQuality "1"]
[TimeControl "40/5400+30:1800+30"]

1. d4 Nf6 2. Nf3 g6 3. g3 Bg7 4. Bg2 c6 5. O-O O-O 6. c4 d5 7. Nbd2 a5 8. b3 Re8 9. Bb2 Nbd7 10. Qc2 a4 11. e4 dxe4 12. Nxe4 a3 13. Bc3 Nxe4 14. Qxe4 Nf6 15. Qe2 Nd7 16. Rad1 Qc7 17. Rfe1 h5 18. Qe3 Nf6 19. h3 Bf5 20. Ne5 Rad8 21. Qf4 Nd7 22. Nxg6 Qxf4 23. Nxf4 e6 24. Nxh5 Rc8 25. Nxg7 1-0

[Event "XII Figueira da Foz Open 2018"]
[Site "Figueira da Foz"]
[Date "2018.10.29"]
[Round "1"]
[White "Santos, Antonio P"]
[Black "Gama, Joao Goncalo Cereje"]
[Result "1-0"]
[ECO "D96"]
[WhiteElo "2155"]
[BlackElo "1598"]
[Annotator "NA"]
[PlyCount "121"]
[EventDate "2018.10.30"]
[EventType "swiss"]
[EventCountry "POR"]
[SourceTitle "playchess.com"]
[Source "ChessBase"]
[SourceQuality "1"]
[TimeControl "40/5400+30:1800+30"]

1. d4 Nf6 2. c4 g6 3. Nc3 d5 4. Nf3 Bg7 5. Qb3 c6 6. g3 O-O 7. Bg2 e6 8. O-O Nbd7 9. Rd1 dxc4 10. Qxc4 Nb6 11. Qb3 Nbd5 12. Ne5 h6 13. e4 Nxc3 14. bxc3 Qb6 15. Qc2 Rd8 16. a4 a5 17. Rb1 Qc7 18. Bf4 Qe7 19. Nc4 Nh5 20. Bc1 Nf6 21. Ba3 Qe8 22. Bc5 Bf8 23. Bb6 Rd7 24. Nxa5 Be7 25. Nc4 Qf8 26. a5 Bd8 27. Ra1 Qg7 28. Ne5 Bxb6 29. axb6 Rxa1 30. Rxa1 Rd8 31. Ra8 Qf8 32. Nc4 Bd7 33. Ra7 Rb8 34. Na5 Bc8 35. Qb2 c5 36. e5 Nd5 37. Bxd5 exd5 38. Qa3 cxd4 39. Qxf8+ Kxf8 40. cxd4 Ke7 41. f4 Ke6 42. Kf2 f6 43. Kf3 fxe5 44. fxe5 Kf5 45. g4+ Ke6 46. Kf4 g5+ 47. Ke3 Kd7 48. h3 Ke6 49. Kd2 Kd7 50. Kc3 Ke6 51. Kb4 Ke7 52. Nc6+ Ke6 53. Nxb8 Ke7 54. Nc6+ Ke6 55. Nd8+ Kd7 56. Nxb7 Bxb7 57. Rxb7+ Ke6 58. Ra7 h5 59. b7 hxg4 60. hxg4 Kd7 61. b8=Q+ 1-0

[Event "XII Figueira da Foz Open 2018"]
[Site "Figueira da Foz"]
[Date "2018.10.29"]
[Round "1"]
[White "Lisowski, Krzysztof"]
[Black "Dong, Fabio"]
[Result "1-0"]
[ECO "B40"]
[WhiteElo "2095"]
[BlackElo "1273"]
[Annotator "NA"]
[PlyCount "49"]
[EventDate "2018.10.30"]
[EventType "swiss"]
[EventCountry "POR"]
[SourceTitle "playchess.com"]
[Source "ChessBase"]
[SourceQuality "1"]
[TimeControl "40/5400+30:1800+30"]

1. e4 c5 2. Nf3 e6 3. b3 Nc6 4. Bb2 d5 5. exd5 exd5 6. Bb5 Bd7 7. O-O Nf6 8. Re1+ Ne7 9. Bxd7+ Nxd7 10. Nc3 d4 11. Ne4 Qc7 12. c3 dxc3 13. dxc3 O-O-O 14. Nd6+ Kb8 15. Nxf7 Rg8 16. Nxd8 Qxd8 17. Ne5 Kc8 18. Qg4 Kc7 19. Rad1 Nxe5 20. Rxe5 Qe8 21. Rxc5+ Kb8 22. Re5 g6 23. Rd7 h5 24. Qe6 Rg7 25. Qd6+ 1-0

[Event "XII Figueira da Foz Open 2018"]
[Site "Figueira da Foz"]
[Date "2018.10.29"]
[Round "1"]
[White "Asvestopoulou, Evdokia"]
[Black "Roettgen, Juergen"]
[Result "0-1"]
[ECO "D16"]
[WhiteElo "1720"]
[BlackElo "2169"]
[Annotator "NA"]
[PlyCount "58"]
[EventDate "2018.10.30"]
[EventType "swiss"]
[EventCountry "POR"]
[SourceTitle "playchess.com"]
[Source "ChessBase"]
[SourceQuality "1"]
[TimeControl "40/5400+30:1800+30"]

1. d4 d5 2. c4 c6 3. Nf3 Nf6 4. Nc3 dxc4 5. a4 Bg4 6. e3 Nbd7 7. Bxc4 e6 8. O-O Be7 9. h3 Bh5 10. Re1 O-O 11. e4 e5 12. g4 exd4 13. Nxd4 Bg6 14. Bf4 Nb6 15. Bb3 Bc5 16. Nf5 Bxf5 17. exf5 Nfd5 18. Nxd5 Nxd5 19. Bg3 Qa5 20. Qf3 Rad8 21. g5 Kh8 22. Re4 f6 23. gxf6 Nxf6 24. Rh4 Qd2 25. Be5 Rd3 26. Rd1 Rxf3 27. Rxd2 Rxb3 28. Bxf6 Rxf6 29. Rd8+ Rf8 0-1

[Event "XII Figueira da Foz Open 2018"]
[Site "Figueira da Foz"]
[Date "2018.10.29"]
[Round "1"]
[White "Moes Joaquim, Carlos"]
[Black "Margarido, Jose Miguel Teixeir"]
[Result "0-1"]
[ECO "E38"]
[WhiteElo "1415"]
[BlackElo "2121"]
[Annotator "NA"]
[PlyCount "58"]
[EventDate "2018.10.30"]
[EventType "swiss"]
[EventCountry "POR"]
[SourceTitle "playchess.com"]
[Source "ChessBase"]
[SourceQuality "1"]
[TimeControl "40/5400+30:1800+30"]

1. d4 Nf6 2. c4 e6 3. Nc3 Bb4 4. Qc2 c5 5. Nf3 cxd4 6. Nxd4 Nc6 7. Nxc6 bxc6 8. a3 Be7 9. e4 e5 10. Bd3 O-O 11. O-O d6 12. f4 Ng4 13. Qe2 exf4 14. Bxf4 Bg5 15. Rad1 Bxf4 16. Rxf4 Ne5 17. c5 Qg5 18. Qf1 Nxd3 19. Rxd3 Ba6 20. Rf5 Bxd3 21. Qxd3 Qc1+ 22. Nd1 dxc5 23. Rf1 Rad8 24. Qf3 Qd2 25. e5 Qd4+ 26. Kh1 Qxe5 27. Qxc6 Qe2 28. Qf3 Qxf3 29. gxf3 Rd2 0-1

[Event "XII Figueira da Foz Open 2018"]
[Site "Figueira da Foz"]
[Date "2018.10.30"]
[Round "2"]
[White "Fernandes, Joao Pedro Murtinho"]
[Black "Pipiras, Filipa Fortuna"]
[Result "1/2-1/2"]
[ECO "C90"]
[WhiteElo "2067"]
[BlackElo "1853"]
[Annotator "NA"]
[PlyCount "53"]
[EventDate "2018.10.30"]
[EventType "swiss"]
[EventCountry "POR"]
[SourceTitle "playchess.com"]
[Source "ChessBase"]
[SourceQuality "1"]
[TimeControl "40/5400+30:1800+30"]

1. e4 e5 2. Nf3 Nc6 3. Bb5 a6 4. Ba4 Nf6 5. O-O Be7 6. Re1 b5 7. Bb3 O-O 8. d3 d6 9. c3 Na5 10. Bc2 c5 11. Nbd2 Nd7 12. Nf1 Nb6 13. Ne3 Re8 14. d4 exd4 15. cxd4 Nc6 16. d5 Nb4 17. Bb1 a5 18. a3 Na6 19. e5 dxe5 20. Nxe5 Bf6 21. Bxh7+ Kxh7 22. Qh5+ Kg8 23. Qxf7+ Kh7 24. Qg6+ Kg8 25. Qf7+ Kh7 26. Qh5+ Kg8 27. Qf7+ 1/2-1/2

[Event "XII Figueira da Foz Open 2018"]
[Site "Figueira da Foz"]
[Date "2018.10.30"]
[Round "2"]
[White "Sismeiro, Miguel"]
[Black "Morais, Mario Martins Freit"]
[Result "1/2-1/2"]
[ECO "B39"]
[WhiteElo "2008"]
[BlackElo "1766"]
[Annotator "NA"]
[PlyCount "50"]
[EventDate "2018.10.30"]
[EventType "swiss"]
[EventCountry "POR"]
[SourceTitle "playchess.com"]
[Source "ChessBase"]
[SourceQuality "1"]
[TimeControl "40/5400+30:1800+30"]

1. e4 c5 2. Nf3 g6 3. d4 cxd4 4. Nxd4 Bg7 5. c4 Nf6 6. Nc3 Nc6 7. Be3 Ng4 8. Qxg4 Nxd4 9. Qd1 e5 10. Be2 a6 11. O-O O-O 12. Qd2 d6 13. Rfd1 Be6 14. f3 Rc8 15. b3 b5 16. Nd5 Bxd5 17. exd5 Nxe2+ 18. Qxe2 bxc4 19. bxc4 e4 20. Rac1 exf3 21. Qxf3 Re8 22. Kh1 Qe7 23. Bf4 Be5 24. Re1 f6 25. Bxe5 fxe5 1/2-1/2

[Event "XII Figueira da Foz Open 2018"]
[Site "Figueira da Foz"]
[Date "2018.10.30"]
[Round "2"]
[White "Felizes, Paulo"]
[Black "Asvestopoulou, Evdokia"]
[Result "1-0"]
[ECO "A45"]
[WhiteElo "1965"]
[BlackElo "1720"]
[Annotator "NA"]
[PlyCount "79"]
[EventDate "2018.10.30"]
[EventType "swiss"]
[EventCountry "POR"]
[SourceTitle "playchess.com"]
[Source "ChessBase"]
[SourceQuality "1"]
[TimeControl "40/5400+30:1800+30"]

1. d4 Nf6 2. Bg5 d5 3. Nd2 h6 4. Bxf6 gxf6 5. c4 c5 6. cxd5 Qxd5 7. dxc5 Qxc5 8. Rc1 Qf5 9. e4 Qe6 10. Qh5 Rh7 11. Bc4 Qd7 12. Bb5 Nc6 13. Ngf3 a6 14. Ba4 b5 15. Bb3 Bb7 16. O-O Nd4 17. Nxd4 Qxd4 18. Rc7 Qb6 19. Rfc1 Rd8 20. Bd5 Bxd5 21. exd5 Qd4 22. Qf5 Rg7 23. Rc8 e6 24. Rxd8+ Kxd8 25. dxe6 fxe6 26. Qc2 Ke8 27. Qc6+ Kf7 28. Nb3 Qg4 29. Re1 Be7 30. g3 Rg5 31. Kg2 Rh5 32. Re4 Qh3+ 33. Kf3 Qf5+ 34. Rf4 Qd3+ 35. Kg2 Rd5 36. Qxa6 Rd6 37. Qb7 Rd7 38. Qf3 Qc2 39. Qh5+ Kg7 40. Rg4+ 1-0

[Event "XII Figueira da Foz Open 2018"]
[Site "Figueira da Foz"]
[Date "2018.10.30"]
[Round "2"]
[White "Silva, Pedro Gil Ferreira "]
[Black "Goncalves, Lucas Jordao"]
[Result "1-0"]
[ECO "C45"]
[WhiteElo "1837"]
[BlackElo "1401"]
[Annotator "NA"]
[PlyCount "127"]
[EventDate "2018.10.30"]
[EventType "swiss"]
[EventCountry "POR"]
[SourceTitle "playchess.com"]
[Source "ChessBase"]
[SourceQuality "1"]
[TimeControl "40/5400+30:1800+30"]

1. e4 e5 2. Nf3 Nc6 3. d4 exd4 4. Nxd4 Bc5 5. Nb3 Bb6 6. Nc3 a6 7. Nd5 d6 8. Nxb6 cxb6 9. f3 Be6 10. Nd4 Bd7 11. Bc4 Nge7 12. Be3 O-O 13. O-O Rc8 14. Be2 Re8 15. f4 Nxd4 16. Bxd4 Nc6 17. Bf3 g6 18. Bc3 Be6 19. Qd2 Qc7 20. f5 Bc4 21. f6 Nd8 22. Rfd1 Ne6 23. h4 Rcd8 24. h5 gxh5 25. Bb4 Kh8 26. Bxd6 Qc6 27. e5 Qd7 28. Qh6 Rg8 29. Be7 Qb5 30. Bxd8 Qxe5 31. Be7 Qg3 32. Bf8 Nxf8 33. Be4 Bb5 34. Rd8 Bc6 35. Qxf8 Bxe4 36. Qxg8+ Qxg8 37. Rxg8+ Kxg8 38. Re1 Bc6 39. Re5 h6 40. Re7 Bd5 41. Rd7 Bc6 42. Rc7 b5 43. g3 a5 44. a3 b4 45. axb4 axb4 46. c4 bxc3 47. bxc3 Bd5 48. Kf2 b5 49. Ke3 Kh7 50. Kd4 Bb3 51. Ke5 Kg6 52. Rc8 Kh7 53. Kd6 Kg6 54. Ke7 Bc4 55. Rg8+ Kf5 56. Rg7 h4 57. gxh4 Ke4 58. Rxf7 Kd3 59. Rf8 Kxc3 60. f7 Kd4 61. Rb8 Bxf7 62. Kxf7 Ke5 63. Rxb5+ Kf4 64. Kg6 {[%emt 0:00:09] Ke5} 1-0

[Event "XII Figueira da Foz Open 2018"]
[Site "Figueira da Foz"]
[Date "2018.10.30"]
[Round "2"]
[White "Pais, Bruno Miguel Dos Sa"]
[Black "Dong, Rafael"]
[Result "1-0"]
[ECO "A45"]
[WhiteElo "1836"]
[BlackElo "1360"]
[Annotator "NA"]
[PlyCount "61"]
[EventDate "2018.10.30"]
[EventType "swiss"]
[EventCountry "POR"]
[SourceTitle "playchess.com"]
[Source "ChessBase"]
[SourceQuality "1"]
[TimeControl "40/5400+30:1800+30"]

1. d4 Nf6 2. g3 e6 3. Bg2 c5 4. Nf3 d5 5. O-O Nc6 6. e3 Bd6 7. Nbd2 b6 8. c4 cxd4 9. Nxd4 Nxd4 10. exd4 Bb7 11. Qa4+ Qd7 12. Qxd7+ Nxd7 13. cxd5 Bxd5 14. Bxd5 exd5 15. Re1+ Kd8 16. Nf1 b5 17. Ne3 Nb6 18. Nf5 Bb4 19. Re2 g6 20. Ne3 Re8 21. a3 Bf8 22. b3 Bg7 23. Bb2 Rc8 24. Rae1 a5 25. Kf1 a4 26. bxa4 bxa4 27. Rb1 Nc4 28. Nxd5 Rxe2 29. Kxe2 Nxb2 30. Rxb2 Bxd4 31. Rd2 1-0

[Event "XII Figueira da Foz Open 2018"]
[Site "Figueira da Foz"]
[Date "2018.10.30"]
[Round "2"]
[White "Puglia, Francesco"]
[Black "Ferreira, Cristina"]
[Result "1-0"]
[ECO "C25"]
[WhiteElo "1803"]
[BlackElo "1069"]
[Annotator "NA"]
[PlyCount "51"]
[EventDate "2018.10.30"]
[EventType "swiss"]
[EventCountry "POR"]
[SourceTitle "playchess.com"]
[Source "ChessBase"]
[SourceQuality "1"]
[TimeControl "40/5400+30:1800+30"]

1. e4 e5 2. Nc3 Nc6 3. f4 f6 4. Nf3 Be7 5. Bc4 Nh6 6. O-O Na5 7. Nxe5 Nxc4 8. Nxc4 d6 9. d4 Be6 10. d5 Bg4 11. Qe1 O-O 12. f5 Qd7 13. Bxh6 Rf7 14. Bd2 c6 15. Qh4 g5 16. Qxg4 Rg7 17. Rad1 b5 18. dxc6 Qxc6 19. Ne3 Bd8 20. Ncd5 a6 21. Bc3 Kh8 22. Nxf6 Be7 23. Nh5 b4 24. Bxg7+ Kg8 25. f6 Qc5 26. Qe6# 1-0

[Event "XII Figueira da Foz Open 2018"]
[Site "Figueira da Foz"]
[Date "2018.10.30"]
[Round "2"]
[White "Marcal, Armando Paulo Gomes"]
[Black "Adams, Philip"]
[Result "0-1"]
[ECO "B32"]
[WhiteElo "1751"]
[BlackElo "1980"]
[Annotator "NA"]
[PlyCount "52"]
[EventDate "2018.10.30"]
[EventType "swiss"]
[EventCountry "POR"]
[SourceTitle "playchess.com"]
[Source "ChessBase"]
[SourceQuality "1"]
[TimeControl "40/5400+30:1800+30"]

1. e4 c5 2. Nf3 Nc6 3. d4 cxd4 4. Nxd4 g6 5. c3 Bg7 6. Be3 Nf6 7. Nd2 O-O 8. Be2 Qc7 9. O-O d5 10. exd5 Nxd5 11. Nb5 Qd8 12. Bc5 b6 13. Ba3 a6 14. Nd4 Nxd4 15. cxd4 Bxd4 16. Bf3 Bb7 17. Qb3 Rb8 18. Rad1 Re8 19. Ne4 Bg7 20. Nc3 e6 21. Nxd5 exd5 22. Bxd5 Bxd5 23. Rxd5 Qf6 24. Qg3 Rbd8 25. Rxd8 Qxd8 26. Qb3 b5 0-1

[Event "XII Figueira da Foz Open 2018"]
[Site "Figueira da Foz"]
[Date "2018.10.30"]
[Round "2"]
[White "Soares, Sara Joana De Moura"]
[Black "Fernandes, Miguel A. Murtinho"]
[Result "0-1"]
[ECO "B01"]
[WhiteElo "1481"]
[BlackElo "2048"]
[Annotator "NA"]
[PlyCount "66"]
[EventDate "2018.10.30"]
[EventType "swiss"]
[EventCountry "POR"]
[SourceTitle "playchess.com"]
[Source "ChessBase"]
[SourceQuality "1"]
[TimeControl "40/5400+30:1800+30"]

1. e4 d5 2. exd5 Qxd5 3. Nc3 Qd6 4. Nf3 Nf6 5. Bc4 g6 6. O-O Bg7 7. Re1 O-O 8. d3 a6 9. a4 b6 10. Bg5 Bb7 11. Bxf6 exf6 12. Qe2 f5 13. Qe7 Bxf3 14. Qxd6 cxd6 15. gxf3 Nc6 16. Kg2 Nd4 17. Bb3 Rfe8 18. Rac1 Nxb3 19. cxb3 Bd4 20. Kf1 Rxe1+ 21. Rxe1 Rc8 22. Nd5 Rc5 23. Ne7+ Kf8 24. Re2 Bf6 25. b4 Rc1+ 26. Re1 Rxe1+ 27. Kxe1 Kxe7 28. b3 Bc3+ 29. Ke2 Bxb4 30. d4 h5 31. f4 d5 32. h4 Ke6 33. Ke3 Be7 0-1

[Event "XII Figueira da Foz Open 2018"]
[Site "Figueira da Foz"]
[Date "2018.10.30"]
[Round "2"]
[White "Dong, Fabio"]
[Black "Marques, Joao Paulo C Veloso"]
[Result "0-1"]
[ECO "E62"]
[WhiteElo "1273"]
[BlackElo "1807"]
[Annotator "NA"]
[PlyCount "52"]
[EventDate "2018.10.30"]
[EventType "swiss"]
[EventCountry "POR"]
[SourceTitle "playchess.com"]
[Source "ChessBase"]
[SourceQuality "1"]
[TimeControl "40/5400+30:1800+30"]

1. c4 Nf6 2. Nc3 g6 3. g3 Bg7 4. Bg2 O-O 5. Nf3 d6 6. d4 c6 7. O-O Bf5 8. Re1 Ne4 9. Bd2 Qb6 10. Qb3 Qxb3 11. axb3 Nxd2 12. Nxd2 Bxd4 13. Ra4 Nd7 14. Rea1 a6 15. Rb4 Rab8 16. e3 Bg7 17. Rba4 Nc5 18. R4a2 Nd3 19. e4 Be6 20. Kf1 Nxb2 21. Rc1 Nd3 22. Rcc2 Nb4 23. Rab2 Nxc2 24. Rxc2 Rfc8 25. Ne2 b5 26. cxb5 Rxb5 0-1

[Event "XII Figueira da Foz Open 2018"]
[Site "Figueira da Foz"]
[Date "2018.10.30"]
[Round "3"]
[White "Lisowski, Krzysztof"]
[Black "Pais, Bruno Miguel Dos Sa"]
[Result "1-0"]
[ECO "B40"]
[WhiteElo "2095"]
[BlackElo "1836"]
[Annotator "NA RC"]
[PlyCount "39"]
[EventDate "2018.10.30"]
[EventType "swiss"]
[EventCountry "POR"]
[SourceTitle "playchess.com"]
[Source "ChessBase"]
[SourceQuality "1"]
[TimeControl "40/5400+30:1800+30"]

1. e4 c5 2. Nf3 e6 3. b3 b6 4. Bb2 Bb7 5. Nc3 a6 6. Qe2 {[%emt 0:03:53] B40: Sicilian: 2...e6, Unusual lines} (6. d4 cxd4 7. Nxd4 Qc7 8. Qd2 Nf6 9. f3 Nc6 10. Nxc6 dxc6 11. O-O-O Be7 12. Bd3 b5 13. e5 Nd7 14. Ne4 Nxe5 15. Qc3 {1-0 (35) So,W (2780)-Vallejo Pons,F (2707) Leon 2018}) 6... d6 7. d4 cxd4 8. Nxd4 Qc7 9. O-O-O Nf6 10. g4 {[%emt 0:04:06] LiveBook: 7 Games} Nc6 11. Nxc6 Qxc6 12. Nd5 e5 $146 ({Predecessor:} 12... Nd7 13. Bg2 O-O-O 14. Ne3 Qc7 15. g5 Kb8 16. h4 {½-½ (16) Fogarasi,T (2407)-Bokros,A (2458) Hungary 2012}) 13. g5 Nxd5 14. exd5 Qc5 15. f4 Bxd5 16. Rxd5 Qxd5 17. Bg2 e4 18. Bxe4 Qe6 $18 19. f5 Qe7 20. f6 1-0

[Event "XII Figueira da Foz Open 2018"]
[Site "Figueira da Foz"]
[Date "2018.10.30"]
[Round "3"]
[White "Pipiras, Filipa Fortuna"]
[Black "Fernandes, Ricardo Paulos"]
[Result "0-1"]
[ECO "E61"]
[WhiteElo "1853"]
[BlackElo "2098"]
[Annotator "NA RC"]
[PlyCount "68"]
[EventDate "2018.10.30"]
[EventType "swiss"]
[EventCountry "POR"]
[SourceTitle "playchess.com"]
[Source "ChessBase"]
[SourceQuality "1"]
[TimeControl "40/5400+30:1800+30"]

1. d4 Nf6 2. c4 g6 3. Nc3 Bg7 4. Nf3 O-O 5. Bg5 c5 6. d5 b5 7. cxb5 d6 8. e4 a6 9. bxa6 Bxa6 10. Bxa6 Nxa6 11. O-O h6 {[%emt 0:02:58] E91: King's Indian: Classical: 6 Be2, unusual replies including 6...c5 and 6...Bg4} 12. Be3 $146 ({Predecessor:} 12. Bf4 Qb6 13. Rb1 Nd7 14. Qd2 Kh7 15. Rfe1 c4 16. Be3 Nac5 17. Bd4 Bxd4 18. Qxd4 Nd3 19. Qxb6 Nxb6 20. Red1 {½-½ (39) Van de Plassche,E (2199)-Kivipelto,K (2146) Finland 2018}) 12... Qb6 13. Rb1 Rfb8 14. Nd2 Qa5 15. Nc4 Qb4 16. Qe2 Nc7 17. a3 Qb3 18. Nd2 Qb7 19. b4 Qc8 20. bxc5 dxc5 21. Qc4 Nd7 22. Nb5 ({Much weaker is} 22. Bxc5 $6 Na6 $15) 22... Nxb5 23. Rxb5 Rxa3 24. Rc1 ({Wrong is} 24. Bxc5 $2 Rc3 $19) 24... Rba8 25. g3 Ra1 {[%emt 0:04:12] [#]} (25... R8a4 $11 26. Qf1 Ra1) 26. Rxa1 $1 ({But not} 26. Bxc5 $2 Ne5 $19) 26... Rxa1+ 27. Kg2 Ra3 28. Nb3 Ne5 (28... g5 $142) 29. Qxc5 Qg4 (29... Qa6 $16) 30. Qxa3 Qxe4+ 31. Kh3 {[%emt 0:01:14] [#]} g5 $1 32. f3 Qxf3 33. Qa8+ Kh7 34. Qc8 Qf1# 0-1

[Event "XII Figueira da Foz Open 2018"]
[Site "Figueira da Foz"]
[Date "2018.10.30"]
[Round "3"]
[White "Marques, Joao Paulo C Veloso"]
[Black "Guerreiro, Nuno"]
[Result "1-0"]
[ECO "A20"]
[WhiteElo "1807"]
[BlackElo "2069"]
[Annotator "NA RC"]
[PlyCount "111"]
[EventDate "2018.10.30"]
[EventType "swiss"]
[EventCountry "POR"]
[SourceTitle "playchess.com"]
[Source "ChessBase"]
[SourceQuality "1"]
[TimeControl "40/5400+30:1800+30"]

1. c4 e5 2. g3 Nf6 3. Bg2 Nc6 4. Nc3 Bc5 5. Nf3 d6 6. O-O a6 {LiveBook: 136 Games} 7. d3 O-O 8. a3 h6 9. Bd2 {A29: English Opening: Four Knights Variation with 4 g3} (9. b4 Ba7 10. Bb2 Re8 11. e3 Ne7 12. Nd2 Rb8 13. Nde4 Ng6 14. Rc1 c6 15. c5 Nxe4 16. Nxe4 d5 17. Nd6 Bd7 18. Nxe8 Qxe8 {0-1 (44) Grischuk,A (2754)-Carlsen,M (2857) chess.com INT 2016}) 9... Ne7 10. b4 Ba7 11. a4 $146 ({Predecessor:} 11. Rc1 Ng6 12. e3 c6 13. Ne4 Ne8 14. Bc3 Bg4 15. Qb3 Qd7 16. Ned2 Nc7 17. d4 exd4 18. Bxd4 Bxd4 19. Nxd4 {½-½ (46) Martin Hernandez,R (2128)-Valmana Canto,J (2338) Almansa 2011}) 11... Ng6 12. b5 Bc5 13. Qc2 Re8 14. Rab1 axb5 15. axb5 c6 16. e4 Be6 17. Ra1 Qd7 18. Ra4 Rxa4 19. Qxa4 Rd8 20. Ra1 Qc7 21. Qc2 d5 22. cxd5 cxd5 23. Rc1 Rc8 24. Qb2 Qd6 25. Nxd5 Nxd5 26. exd5 Bxd5 27. Be3 Rc7 28. Bxc5 Rxc5 29. h4 Rxc1+ 30. Qxc1 Ne7 31. Qc3 f6 32. Ne1 Bxg2 33. Nxg2 Kh7 34. Ne3 (34. Qc4 $5 ) 34... Qb6 35. Qc4 Qd6 36. Qe4+ f5 37. Nxf5 Nxf5 38. Qxf5+ Qg6 39. Qxg6+ Kxg6 40. Kg2 Kf5 41. Kf3 h5 42. b6 Ke6 43. Ke4 Kd6 44. f3 Kc6 45. Kxe5 Kxb6 46. d4 Kc7 47. Kd5 Kd7 48. g4 g6 49. gxh5 gxh5 50. f4 Ke7 51. Kc5 Ke6 52. d5+ Kd7 53. f5 $18 Ke7 54. Kb6 Kd6 55. f6 Kxd5 56. f7 1-0

[Event "XII Figueira da Foz Open 2018"]
[Site "Figueira da Foz"]
[Date "2018.10.30"]
[Round "3"]
[White "Morais, Mario Martins Freit"]
[Black "Puglia, Francesco"]
[Result "0-1"]
[ECO "A45"]
[WhiteElo "1766"]
[BlackElo "1803"]
[Annotator "NA RC"]
[PlyCount "62"]
[EventDate "2018.10.30"]
[EventType "swiss"]
[EventCountry "POR"]
[SourceTitle "playchess.com"]
[Source "ChessBase"]
[SourceQuality "1"]
[TimeControl "40/5400+30:1800+30"]

1. d4 Nf6 2. Bf4 g6 3. e3 Bg7 4. Nd2 d6 5. Bd3 Nbd7 6. Ngf3 O-O 7. a4 $146 {[%emt 0:26:41] A48: Königsindisch (ohne c2-c4)} ({Vorgänger:} 7. O-O Re8 8. c3 e5 9. Bg5 h6 10. Bxf6 Nxf6 11. Qc2 Qe7 12. e4 c6 13. a4 a5 14. Rfe1 Nh5 15. g3 {0-1 (43) Duda,L (2201)-Stoma,P (2317) Pokrzywna 2018}) 7... c5 8. c3 e5 9. Bg5 h6 10. Bh4 g5 11. Bg3 Nh5 12. Ne4 d5 13. Bc2 $2 (13. Nexg5 $17 {was necessary.} hxg5 14. Nxe5) 13... dxe4 14. Nxe5 Nxe5 15. Bxe5 Bxe5 16. Qxh5 Bg7 17. Bxe4 cxd4 18. cxd4 Qe7 19. Bf3 Qb4+ 20. Kf1 Bf5 21. g4 Bg6 22. Qh3 Qxb2 23. Kg2 f5 24. Bd5+ Kh7 25. Ra2 Qb6 26. gxf5 Rxf5 27. e4 {[%emt 0:02:16] [#]} Rxd5 $1 28. exd5 Qxd4 29. Re2 g4 30. Qe3 Qxd5+ 31. Kg3 Qxh1 0-1

[Event "XII Figueira da Foz Open 2018"]
[Site "Figueira da Foz"]
[Date "2018.10.30"]
[Round "3"]
[White "Dias, Jose Oliveira Gaspa"]
[Black "Correia, Pedro Mourao Soares"]
[Result "1-0"]
[ECO "A05"]
[WhiteElo "1605"]
[BlackElo "1518"]
[Annotator "NA RC"]
[PlyCount "103"]
[EventDate "2018.10.30"]
[EventType "swiss"]
[EventCountry "POR"]
[SourceTitle "playchess.com"]
[Source "ChessBase"]
[SourceQuality "1"]
[TimeControl "40/5400+30:1800+30"]

1. Nf3 Nf6 2. g3 c6 3. Bg2 d5 4. O-O Bf5 5. d3 Nbd7 6. Nbd2 e5 7. Qe1 Bd6 8. e4 Be6 9. Ng5 Bg4 10. exd5 cxd5 11. c4 h6 12. Ngf3 O-O 13. cxd5 Bb4 14. a3 Ba5 15. b4 Bb6 16. h3 Bf5 17. Ne4 Nxd5 18. Bb2 Qe7 19. Rc1 a5 20. b5 f6 21. Nfd2 Qe6 22. Kh2 Qe7 23. Qe2 Be6 24. Nc4 Bc5 25. a4 Bb4 26. Rc2 N7b6 27. Ra1 Rfd8 28. Nxb6 Nxb6 29. Qe3 Nd5 30. Qe2 Nb6 31. Nd2 Bxd2 32. Qxd2 Bb3 33. Ba3 Qd7 34. Rc3 Bxa4 35. Bc5 Qxb5 36. Bxb6 Qxb6 37. Rxa4 Rd7 38. Qa2+ Kh8 39. Be4 Qa7 40. Rac4 Rad8 41. Rc8 b5 42. Kg2 Rd6 43. R8c7 Qd4 44. Qf7 R6d7 45. Qg6 f5 46. Bxf5 Qd5+ 47. Kh2 Qg8 48. Rxd7 Rf8 49. Rcc7 Rf6 50. Qg4 h5 51. Qxh5+ Rh6 52. Qxh6+ 1-0

[Event "XII Figueira da Foz Open 2018"]
[Site "Figueira da Foz"]
[Date "2018.10.30"]
[Round "3"]
[White "Gama, Joao Goncalo Cereje"]
[Black "Soares, Sara Joana De Moura"]
[Result "1-0"]
[ECO "C54"]
[WhiteElo "1598"]
[BlackElo "1481"]
[Annotator "NA RC"]
[PlyCount "105"]
[EventDate "2018.10.30"]
[EventType "swiss"]
[EventCountry "POR"]
[SourceTitle "playchess.com"]
[Source "ChessBase"]
[SourceQuality "1"]
[TimeControl "40/5400+30:1800+30"]

1. e4 e5 2. Nf3 Nc6 3. Bc4 Bc5 4. c3 Nf6 5. d3 d6 6. Bb3 O-O 7. O-O Bb6 8. Nbd2 a6 9. Nc4 Ba7 10. Ne3 Nh5 11. Nd5 h6 12. d4 Nf6 13. Re1 Bg4 14. h3 Bh5 15. Qd3 exd4 16. Nxd4 Ne5 17. Qg3 Bg6 18. f4 Nh5 19. Qe3 c5 20. fxe5 cxd4 21. cxd4 dxe5 22. Kh1 Bxd4 23. Qf3 Qh4 24. Bd2 Bxe4 25. Rxe4 Ng3+ 26. Kh2 Nxe4 27. Be1 Bf2 28. g3 Bxg3+ 29. Bxg3 Nxg3 30. Qxg3 Qxg3+ 31. Kxg3 Kh8 32. Re1 Rae8 33. Nb6 Re7 34. Nc4 e4 35. Kf4 f5 36. h4 g6 37. Rg1 Kg7 38. Ne3 Kh7 39. Nd5 Rd7 40. Ke5 Rdd8 41. Nf6+ Kg7 42. Nh5+ Kh7 43. Nf4 Rde8+ 44. Be6 Rg8 45. Nd5 Rgf8 46. Nf6+ Rxf6 47. Kxf6 e3 48. Bf7 Rf8 49. Ke7 Rc8 50. Bxg6+ Kh8 51. Bxf5 Rc5 52. Kf6 Rd5 53. Re1 1-0